 Dungeon Sprint DCSS version 0.29-a0-222-g5b244fca1f (webtiles) character file.

Game seed: 17540285393678491630

607 mhtbhm the Basher (level 7, -1/57 HPs)
             Began as a Gargoyle Berserker on Feb 27, 2022.
             Was a Priest of Trog.
             Slain by a red devil
             ... wielding a +0 trident
             ... summoned by a kobold demonologist
              (7 damage)
             ... in the Dungeon (Sprint III: "The Ten Rune Challenge").
             The game lasted 00:01:10 (660 turns).

mhtbhm the Basher (Gargoyle Berserker)               Turns: 660, Time: 00:01:11

Health: -1/57      AC:  4    Str: 23    XL:     7   Next: 43%
Magic:  7/7        EV: 13    Int:  7    God:    Trog [***...]
Gold:   44         SH:  0    Dex:  9    Spells: 6/6 levels left

rFire   . . .      SeeInvis .   a - +0 mace
rCold   . . .      Faith    .   (no shield)
rNeg    + + .      Spirit   .   b - +1 robe {rN+}
rPois   ∞          Reflect  .   (helmet restricted)
rElec   +          Harm     .   (no cloak)
rCorr   .          Rampage  .   (no gloves)
Will    .....      NoTele   +   (no boots)
Stlth   +.........              (no amulet)
HPRegen 0.19/turn               (no ring)
MPRegen 0.10/turn               (no ring)

@: corroded, on berserk cooldown, slowed, very slow
A: sickness immunity, AC +4, negative energy resistance 1, electricity
resistance, torment resistance 1, petrification resistance, antennae 1, robust 1
a: Renounce Religion, Berserk, Trog's Hand


You were in the Dungeon.
You worshipped Trog.
Trog was most pleased with you.
You visited 1 branch You collected 44 gold pieces.

Inventory:

Hand Weapons
 a - a +0 mace (weapon)
Armour
 b - a +1 robe of positive energy (worn)
Scrolls
 h - a scroll of blinking
 j - a scroll of holy word {unknown}
 k - 3 scrolls of identify
 m - a scroll of torment {unknown}
Potions
 c - a potion of curing
 d - 2 potions of heal wounds
 e - a potion of haste
 f - 2 potions of magic
 g - a potion of berserk rage
 i - a potion of resistance {unknown}
 l - 3 potions of flight {unknown}
 n - a potion of mutation


   Skills:
 + Level 10.0 Fighting
 + Level 10.8 Maces & Flails
 + Level 7.0 Armour
 + Level 4.5 Dodging


You had 6 spell levels left.
You didn't know any spells.
Your spell library was empty.

Dungeon Overview and Level Annotations

Branches:
Dungeon (1/1)

Altars:
Dithmenos
Elyvilon
Kikubaaqudgha
Ru
Sif Muna
Vehumet
Yredelemnul
Zin
The Shining One


Innate Abilities, Weirdness & Mutations

You are immune to sickness and miasma.
Your stone body is resilient. (AC +4)
You are immune to poison.
You resist negative energy. (rN+)
You are resistant to electric shocks. (rElec)
You are resistant to unholy torment.
You are immune to petrification.
You have a pair of small antennae on your head.
You are robust. (+10% HP)


Message History

You are covered in liquid flames!
You sock the smoke demon!
You kill the smoke demon!
The smoke demon disappears in a puff of smoke!
You are covered in liquid flames!
You are no longer berserk.
You are exhausted.
You feel yourself slow down.
Unknown command.
The flames go out!
The kobold demonologist mumbles some strange words.
There is a fountain of clear blue water here.
The orange demon screeches!
The kobold demonologist closely misses you. x2
You closely miss the kobold demonologist.
The orange demon stings you from afar! The kobold demonologist misses you.
You fail to use your ability.
The orange demon stings you but does no damage.
The kobold demonologist barely misses you.
The orange demon barely misses you.
The kobold demonologist hits you with a +0 dagger.
You fail to use your ability.
The orange demon stings you but does no damage.
The kobold demonologist gestures wildly while chanting.
Unknown command.
You fail to use your ability.
The orange demon stings you from afar.
The kobold demonologist gestures wildly while chanting.
The orange demon closely misses you.
The kobold demonologist hits you with a +0 dagger.
* * * LOW HITPOINT WARNING * * *
Unknown command.
Your two-headed ogre goes berserk!
You can no longer call in reinforcements.
The rust devil hits you!
* * * LOW HITPOINT WARNING * * *
The rust devil corrodes you! The orange demon stings you from afar.
* * * LOW HITPOINT WARNING * * *
The kobold demonologist hits you but does no damage.
The red devil hits you with a +0 trident!
You die...

#..'...♣.♣♣ ♣.##### ####
#..#......♣ ♣♣.#___# {#__#
####....♣.♣ ♣..#.).# {#._#
†..#....≈.♣♣♣..###'#+###[##
.[.#...≈≈.♣..♣.#..........#
...#..≈≈≈≈♣..♣.'.⌠........#
##'#..≈≈≈≈≈≈...#...######+#
...#.≈≈≈≈≈≈....#.4O# {
...#.≈≈≈≈≈.....#@4.#
...#.≈≈≈.......#K###
####...........#.4
........†......#___
▓▓▓▓▓▓▓▓▓▓▓▓▓▓▓▓▓▓▓▓


You could see an orange demon (summoned), a rust devil (summoned), a kobold
demonologist, a red devil (summoned, ally target) and a friendly two-headed ogre
(summoned, berserk).

Vanquished Creatures
  A deep elf pyromancer (D)
  A necrophage (D)
  A water elemental (D)
  A wizard (D)
  A necromancer (D)
  A human (D)
  A phantom (D)
  4 rats (D)
11 creatures vanquished.

Notes
Turn   | Place    | Note
-------+----------+-------------------------------------------
     0 | D        | mhtbhm the Gargoyle Berserker began the quest for the Orb.
     0 | D        | Reached XP level 1. HP: 14/14 MP: 1/1
    29 | D        | Reached ** piety under Trog
   108 | D        | Reached XP level 2. HP: 20/20 MP: 2/2
   160 | D        | Reached skill level 5 in Fighting
   160 | D        | Reached XP level 3. HP: 26/26 MP: 3/3
   180 | D        | Gained mutation: You have large cloven feet. [potion of
                  | mutation]
   180 | D        | Gained mutation: Your spells are a little harder to cast,
                  | but a little more powerful. [potion of mutation]
   180 | D        | Gained mutation: You are partially covered in iridescent
                  | scales. (AC +2) [potion of mutation]
   212 | D        | Lost mutation: Your spells are a little harder to cast, but
                  | a little more powerful. [potion of mutation]
   212 | D        | Lost mutation: You have large cloven feet. [potion of
                  | mutation]
   212 | D        | Lost mutation: You are partially covered in iridescent
                  | scales. (AC +2) [potion of mutation]
   212 | D        | Gained mutation: Armour fits poorly on your strangely
                  | shaped body. [potion of mutation]
   212 | D        | Gained mutation: You have a pair of small antennae on your
                  | head. [potion of mutation]
   216 | D        | Lost mutation: Armour fits poorly on your strangely shaped
                  | body. [potion of mutation]
   216 | D        | Lost mutation: You have a pair of small antennae on your
                  | head. [potion of mutation]
   216 | D        | Gained mutation: You are robust. (+10% HP) [potion of
                  | mutation]
   216 | D        | Gained mutation: You have a pair of small antennae on your
                  | head. [potion of mutation]
   236 | D        | Noticed a water elemental
   245 | D        | Killed a water elemental
   246 | D        | Reached XP level 4. HP: 16/35 MP: 4/4
   461 | D        | Found a basalt altar of Yredelemnul.
   461 | D        | Found a shadowy altar of Dithmenos.
   461 | D        | Found a sacrificial altar of Ru.
   461 | D        | Noticed a necrophage
   463 | D        | Reached *** piety under Trog
   471 | D        | Killed a necrophage
   472 | D        | Reached skill level 5 in Armour
   472 | D        | Reached XP level 5. HP: 42/42 MP: 5/5
   495 | D        | Found a glowing silver altar of Zin.
   495 | D        | Found a glowing golden altar of the Shining One.
   495 | D        | Found a white marble altar of Elyvilon.
   496 | D        | Noticed a deep elf pyromancer
   503 | D        | Killed a deep elf pyromancer
   503 | D        | Reached **** piety under Trog
   504 | D        | Reached skill level 10 in Maces & Flails
   504 | D        | Reached XP level 6. HP: 52/52 MP: 6/6
   504 | D        | Reached XP level 7. HP: 57/57 MP: 7/7
   632 | D        | Found a radiant altar of Vehumet.
   632 | D        | Found a shimmering blue altar of Sif Muna.
   632 | D        | Found an ancient bone altar of Kikubaaqudgha.
   636 | D        | Noticed a smoke demon
   646 | D        | Reached skill level 10 in Fighting
   655 | D        | Noticed an orange demon
   659 | D        | Noticed a rust devil
   660 | D        | Noticed a red devil
   660 | D        | Slain by a red devil

Illustrated notes

Levels and vault maps discovered:
D:        dungeon_sprint_mu [sprint_mu_entry_forest, sprint_mu_temple_rooms,
          sprint_mu_d1_horrors, sprint_mu_d2_genie, sprint_mu_d3_branching,
          sprint_mu_orc_legion, sprint_mu_elf_gauntlet, sprint_mu_hive_nellie,
          sprint_mu_lair_fedhas, sprint_mu_vaults_butterflies,
          sprint_mu_slime_circle, sprint_mu_swamp_cave, sprint_mu_snake_twists,
          sprint_mu_blade_basic, sprint_mu_crypt_lich, sprint_mu_tomb_spiral,
          sprint_mu_vestibule_basic, sprint_mu_gehenna_hellfire,
          sprint_mu_dis_giant, sprint_mu_tartarus_statrot,
          sprint_mu_cocytus_islands, sprint_mu_zot1]

Skill      XL: |  1  2  3  4  5  6  7 |
---------------+----------------------+-----
Fighting       | 4 5 6 7 9 10 | 10.0
Maces & Flails | 4 6 7 10 | 10.8
Dodging        | 2 3 4 |  4.5
Armour         | 4 5 6 7 |  7.0

Action                   |  1- 3 |  4- 6 |  7- 9 || total
-------------------------+-------+-------+-------++-------
Melee: Mace              |    20 |    16 |    21 ||    57
Invok: Berserk           |     3 |     1 |     1 ||     5
       Brothers in Arms  |       |       |     1 ||     1
  Use: Potion            |     3 |       |       ||     3
Armor: Scale mail        |     3 |     5 |       ||     8
       Animal skin       |     1 |       |       ||     1
       Robe              |       |       |     8 ||     8
Dodge: Dodged            |     4 |     5 |    10 ||    19

Table legend: (Time is in decaauts)
 A = Elapsed time spent in this place.
 B = Non-inter-level travel time spent in this place.
 C = Inter-level travel time spent in this place.
 D = Time resting spent in this place.
 E = Time spent auto-exploring this place.
 F = Levels seen in this place.
 G = Mean time per level.
                   A        B        C        D        E       F      G
               +--------+--------+--------+--------+--------+-----+--------+
         Total |    704 |    704 |      0 |    484 |      1 |   1 |  704.0 |
       Dungeon |    704 |    704 |      0 |    484 |      1 |   1 |  704.0 |
               +--------+--------+--------+--------+--------+-----+--------+

Top non-repeatable levels by time:
       D: 704 daAuts
